AoeStats
← Křovák

Marketplace

504299224Analyzed
1v1 RM · 29d ago on Sep 4, 2026· 24m 54s· 2 players
Game mode
Random Map
Map size
Tiny (2 player)
Population
200
Speed
Normal
Resources
Standard
Victory
Conquest
Starting age
Dark Age
Ending age
Imperial Age
RankedLock teamsTeams togetherTeam positionsShared explorationLock speedFull tech treeHidden civsTurbo modeCheats
Victory
Defeat
🇨🇿 Bohemians · Czechia
883
+15
🇩🇪 Tupi · Germany
859
-15
schukchr
9:40 Loom
11:30 Feudal Age
16:19 Castle Age
16:04 Horse Collar
19:33 Town Watch
21:36 Wheelbarrow
21:20 Fletching
Křovák
8:28 Loom
11:53 Feudal Age
12:31 Double-Bit Axe
12:29 Horse Collar
21:02 Castle Age
22:05 Bow Saw
21:59 Heavy Plow
22:47 Fletching
23:00 Town Watch
Connection lost

Rejoining the realm…

Still unreachable

The connection could not be restored.

Session expired

The server has moved on; the page needs a fresh start.